 Dungeon Crawl Stone Soup version 0.22-a0-480-g991dd4b (webtiles) character file.

154 galech the Skirmisher (level 5, 0/57 HPs)
             Began as an Ogre Berserker on June 15, 2018.
             Was a Believer of Trog.
             Slain by a goblin
             ... wielding a +0 club
             ... led by Robin
              (1 damage)
             ... on level 3 of the Dungeon.
             The game lasted 00:03:21 (2679 turns).

galech the Skirmisher (Ogre Berserker)              Turns: 2679, Time: 00:03:22

Health: 0/57       AC:  4    Str: 22    XL:     5   Next: 36%
Magic:  5/5        EV: 10    Int:  8    God:    Trog [**....]
Gold:   122        SH:  0    Dex:  8    Spells: 4/4 levels left

rFire    . . .     SeeInvis .   a - +0 mace
rCold    + . .     Gourm    .   (no shield)
rNeg     . . .     Faith    .   j - +1 robe {rC+}
rPois    .         Spirit   .   (helmet restricted)
rElec    .         Reflect  .   (no cloak)
rCorr    .         Harm     .   (gloves unavailable)
MR       ++...                  (boots unavailable)
Stlth    +.........             (no amulet)
HPRegen  1.19/turn              (no ring)
MPRegen  0.09/turn              (no ring)

@: berserk cooldown, regenerating
A: large, unfitting armour, tough skin 1
a: Berserk, Trog's Hand, Renounce Religion


You were on level 3 of the Dungeon.
You worshipped Trog.
Trog was pleased with you.
You were hungry.

You visited 1 branch of the dungeon, and saw 3 of its levels.

You collected 122 gold pieces.

Inventory:

Hand Weapons
 a - a +0 mace (weapon)
Armour
 b - a +0 animal skin
 j - a +1 robe of cold resistance (worn)
Scrolls
 d - 2 scrolls of remove curse
 e - 2 scrolls of identify {unknown}
 i - 2 scrolls of fog {unknown}
Potions
 f - a potion of resistance {unknown}
 g - a potion of curing {unknown}
 h - a potion of invisibility {unknown}
 k - a potion of degeneration {unknown}
 l - a potion of might {unknown}
Comestibles
 c - 3 rations
 m - a chunk of flesh


   Skills:
 + Level 5.2 Fighting
 + Level 4.0 Maces & Flails
 + Level 3.6 Dodging
 + Level 0.5 Stealth


You had 4 spell levels left.
You didn't know any spells.
Your spell library was empty.

Dungeon Overview and Level Annotations

Branches:
Dungeon (3/15)

Altars:

Annotations:
D:3 Robin


Innate Abilities, Weirdness & Mutations

You are too large for most types of armour.
You have tough skin. (AC +1)


Message History

The goblin barely misses you. The hobgoblin hits you.
* * * LOW HITPOINT WARNING * * *
The bat hits you but does no damage. The goblin hits you with a club.
* * * LOW HITPOINT WARNING * * *
The goblin hits you but does no damage.
You see here a club.
You are feeling hungry.
The bat barely misses you. Robin throws the goblin at you!
The goblin hits you with a club!
* * * LOW HITPOINT WARNING * * *
You barely miss the goblin. The bat barely misses you.
The goblin barely misses you.
You closely miss the goblin. The goblin misses you.
The goblin barely misses you. The hobgoblin barely misses you.
The goblin hits you but does no damage.
You closely miss the goblin. The goblin hits you with a club!
* * * LOW HITPOINT WARNING * * *
The goblin hits you with a club.
You die...

#..#.# #.. ..
#.< #.## ..# ..#
.. #.######## #.
#.%....(..
#.##g.......#
#.g@gb......#
####gg......#
#†gg......#
#.l........
...........#
.............#
....l......(...#
.(..(...........
...K..#........


You could see Robin, a leopard gecko, a hobgoblin, 5 goblins and a bat.

Vanquished Creatures
  Natasha (thrice) (D:2)
  3 adders (D:2)
  2 oozes
  A dart slug (D:2)
  An orc (D:2)
  7 bats
  2 giant cockroaches (D:2)
  7 goblins
  8 hobgoblins
  2 jackals (D:2)
  3 kobolds (D:2)
  A frilled lizard (D:2)
  4 rats
44 creatures vanquished.

Notes
Turn   | Place    | Note
-------+----------+-------------------------------------------
     0 | D:1      | galech the Ogre Berserker began the quest for the Orb.
     0 | D:1      | Reached XP level 1. HP: 24/24 MP: 1/1
   397 | D:1      | Reached XP level 2. HP: 16/33 MP: 2/2
  1050 | D:2      | Reached XP level 3. HP: 38/40 MP: 3/3
  1537 | D:2      | Reached XP level 4. HP: 41/49 MP: 4/4
  1901 | D:2      | Noticed Natasha
  1903 | D:2      | Reached ** piety under Trog
  1913 | D:2      | Killed Natasha
  1913 | D:2      | Reached skill level 5 in Fighting
  1979 | D:2      | You fall through a shaft!
  2262 | D:2      | Noticed Natasha
  2269 | D:2      | Killed Natasha
  2269 | D:2      | Reached XP level 5. HP: 57/57 MP: 5/5
  2628 | D:2      | Noticed Natasha
  2635 | D:2      | Killed Natasha
  2666 | D:3      | Noticed Robin
  2679 | D:3      | HP: 1/57 [goblin/club[Robin] (7)]
  2679 | D:3      | Slain by a goblin

Vault maps used:
D:1:      dpeg_arrival_oval, minmay_pentomino_w2
D:2:      first_ration, kennysheep_generic_room_10, uniq_natasha
D:3:      cheibrodos_pilgrimage, uniq_robin

Skill      XL: |  1  2  3  4  5 |
---------------+----------------+-----
Dodging        | 3 |  3.6
Maces & Flails | 3 4 |  4.0
Fighting       | 5 |  5.2
Stealth        | |  0.5

Action                   |  1- 3 |  4- 6 || total
-------------------------+-------+-------++-------
Melee: Mace              |   111 |    44 ||   155
       Whip              |     6 |       ||     6
Invok: Berserk           |       |     3 ||     3
       Trog's Hand       |       |     1 ||     1
  Use: Scroll            |     1 |       ||     1
 Stab: Sleeping          |     1 |       ||     1
  Eat: Chunk             |     2 |     6 ||     8
Armor: Animal skin       |    29 |       ||    29
       Robe              |    13 |    23 ||    36
Dodge: Dodged            |    64 |    49 ||   113

Table legend:
 A = Spawn XP
 B = Non-spawn XP
 C = Spawn XP percentage of total XP
 D = Spawn monster count
 E = Non-spawn monster count
 F = Spawn count percentage of total count
 G = Total turns spent on level
                    A         B        C        D         E        F      G
               +---------+---------+-------+---------+---------+-------+---------
         Total |       0 |     221 |   0.0 |       0 |      44 |   0.0 |  2679
               +---------+---------+-------+---------+---------+-------+---------
           D:1 |       0 |      31 |   0.0 |       0 |      15 |   0.0 |  1026
           D:2 |       0 |     184 |   0.0 |       0 |      25 |   0.0 |  1631
           D:3 |       0 |       6 |   0.0 |       0 |       4 |   0.0 |    22
               +---------+---------+-------+---------+---------+-------+---------
